 Dungeon Crawl Stone Soup version 0.21.1 (webtiles) character file.

88 teukkam the Skirmisher (level 4, -1/41 HPs)
             Began as a Gnoll Wanderer on Feb 2, 2018.
             Slain by Natasha (7 damage)
             ... on level 2 of the Dungeon.
             The game lasted 00:03:24 (679 turns).

teukkam the Skirmisher (Gnoll Wanderer)              Turns: 679, Time: 00:03:25

Health: -1/41      AC:  3    Str: 10 (13) XL:     4   Next: 53%
Magic:  8/8        EV: 11    Int: 14      God:
Gold:   9          SH:  7    Dex: 14 (17) Spells: 9/9 levels left

rFire    . . .     SeeInvis .   c - +0 falchion
rCold    . . .     Gourm    .   e - +0 shield
rNeg     + . .     Faith    .   a - +0 leather armour
rPois    .         Spirit   .   (no helmet)
rElec    .         Reflect  .   (no cloak)
rCorr    .         Harm     .   (no gloves)
MR       .....                  (no boots)
Stlth    +.........             (no amulet)
HPRegen  0.13/turn              g - ring of positive energy
MPRegen  0.11/turn              (no ring)

@: no status effects
A: distributed training, fangs 1, strong nose
a: no special abilities


You were on level 2 of the Dungeon.
You were not hungry.

You visited 1 branch of the dungeon, and saw 2 of its levels.

You collected 9 gold pieces.

Inventory:

Hand Weapons
 c - a +0 falchion (weapon)
 d - a +0 spear
Missiles
 b - 2 throwing nets (quivered)
Armour
 a - a +0 leather armour (worn)
 e - a +0 shield (worn)
Jewellery
 g - a ring of positive energy (left hand)
Scrolls
 h - a scroll of identify {unknown}
 i - a scroll of amnesia {unknown}
 j - a scroll of immolation {unknown}
 l - a scroll of blinking {unknown}
 m - a scroll of remove curse {unknown}
Potions
 k - a potion of lignification {unknown}
 n - a potion of curing {unknown}
Comestibles
 f - 2 rations
 o - 4 chunks of flesh


   Skills:
 + Level 6.6 Fighting
 + Level 1.1 Short Blades
 + Level 1.1 Long Blades
 + Level 1.1 Axes
 + Level 1.1 Maces & Flails
 + Level 1.1 Polearms
 + Level 1.1 Staves
 + Level 1.1 Slings
 + Level 1.1 Bows
 + Level 1.1 Crossbows
 + Level 2.7 Throwing
 + Level 1.1 Armour
 + Level 4.6 Dodging
 + Level 1.1 Stealth
 + Level 1.1 Shields
 + Level 1.1 Unarmed Combat
 + Level 3.0 Spellcasting
 + Level 0.9 Conjurations
 + Level 0.9 Hexes
 + Level 0.9 Charms
 + Level 2.2 Summonings
 + Level 0.9 Necromancy
 + Level 0.9 Translocations
 + Level 0.9 Transmutations
 + Level 0.9 Fire Magic
 + Level 0.9 Ice Magic
 + Level 0.9 Air Magic
 + Level 2.2 Earth Magic
 + Level 0.9 Poison Magic
 + Level 1.2 Invocations
 + Level 2.7 Evocations


You had 9 spell levels left.
You didn't know any spells.

Dungeon Overview and Level Annotations

Branches:
Dungeon (2/15)

Altars:

Annotations:
D:2 Natasha


Innate Abilities, Weirdness & Mutations

Your experience applies equally to all skills.
You have very sharp teeth.
Your uncanny sense of smell can sniff out nearby items.


Message History

Natasha hisses angrily.
Natasha claws you.
Some of the chunks of flesh in your inventory have rotted away.
Your shield prevents you from hitting Natasha.
Natasha claws you. Natasha casts a spell at you. The magic dart hits you!
You hit Natasha.
Natasha is moderately wounded.
You block Natasha's attack.
You barely miss Natasha.
Natasha is moderately wounded.
Natasha claws you!
* * * LOW HITPOINT WARNING * * *
You hit Natasha but do no damage.
Natasha is moderately wounded.
Natasha claws you.
* * * LOW HITPOINT WARNING * * *
Natasha claws you!
You die...

#.# #.# #.# # #.# .#
## #.###.#...
###.#.....#
###.........#
#....>@h....#
#######.#)..........
.......#..........##
####)#)....###...
#....##....... ..
#.#####.###### # #.#
#.# #.# #.# #.# .#


You could see Natasha.

Vanquished Creatures
  A hound (D:2)
  Natasha (D:2)
  A leopard gecko (D:1)
  3 giant cockroaches (D:1)
  5 goblins
  7 hobgoblins
  2 jackals (D:1)
  4 bats
  3 frilled lizards (D:1)
  3 kobolds
  2 rats (D:1)
32 creatures vanquished.

Notes
Turn   | Place    | Note
-------+----------+-------------------------------------------
     0 | D:1      | teukkam the Gnoll Wanderer began the quest for the Orb.
     0 | D:1      | teukkam set off with: a +0 leather armour, 2 throwing nets, a +0 falchion, a +0 spear, a ration
     0 | D:1      | Reached XP level 1. HP: 23/23 MP: 4/4
    59 | D:1      | Reached XP level 2. HP: 18/29 MP: 5/5
   390 | D:1      | Reached XP level 3. HP: 35/35 MP: 7/7
   454 | D:2      | Reached skill level 1 in Invocations
   457 | D:2      | Reached skill level 1 in Short Blades
   457 | D:2      | Reached skill level 1 in Long Blades
   457 | D:2      | Reached skill level 1 in Axes
   457 | D:2      | Reached skill level 1 in Maces & Flails
   457 | D:2      | Reached skill level 1 in Polearms
   457 | D:2      | Reached skill level 1 in Staves
   457 | D:2      | Reached skill level 1 in Slings
   457 | D:2      | Reached skill level 1 in Bows
   457 | D:2      | Reached skill level 1 in Crossbows
   457 | D:2      | Reached skill level 1 in Armour
   457 | D:2      | Reached skill level 1 in Stealth
   457 | D:2      | Reached skill level 1 in Shields
   457 | D:2      | Reached skill level 1 in Unarmed Combat
   465 | D:2      | Noticed Natasha
   474 | D:2      | Killed Natasha
   474 | D:2      | Reached XP level 4. HP: 25/41 MP: 8/8
   672 | D:2      | Noticed Natasha
   679 | D:2      | Slain by Natasha

Skill      XL: |  1  2  3 |
---------------+----------+-----
Summonings     | 2 |  2.2
Earth Magic    | 2 |  2.2
Invocations    | 1 |  1.2
Short Blades   | 1 |  1.1
Long Blades    | 1 |  1.1
Axes           | 1 |  1.1
Maces & Flails | 1 |  1.1
Polearms       | 1 |  1.1
Staves         | 1 |  1.1
Slings         | 1 |  1.1
Bows           | 1 |  1.1
Crossbows      | 1 |  1.1
Armour         | 1 |  1.1
Stealth        | 1 |  1.1
Shields        | 1 |  1.1
Unarmed Combat | 1 |  1.1
Spellcasting   | 3 |  3.0
Fighting       | |  6.6
Throwing       | |  2.7
Dodging        | |  4.6
Conjurations   | |  0.9
Hexes          | |  0.9
Charms         | |  0.9
Necromancy     | |  0.9
Translocations | |  0.9
Transmutations | |  0.9
Fire Magic     | |  0.9
Ice Magic      | |  0.9
Air Magic      | |  0.9
Poison Magic   | |  0.9
Evocations     | |  2.7

Action                   |  1- 3 |  4- 6 || total
-------------------------+-------+-------++-------
Melee: Falchion          |    73 |    18 ||    91
       Bite              |    18 |     4 ||    22
  Use: Potion            |     2 |       ||     2
 Stab: Sleeping          |     1 |     1 ||     2
Armor: Leather armour    |    19 |     4 ||    23
Dodge: Dodged            |    57 |     6 ||    63
Block: Shield            |    19 |     5 ||    24
       Rpst.: Falchion   |    21 |     4 ||    25
